kendra, chaotic female human Rogue --------------- |..............# |.............|# ------.--------# ## # # # #### # ---|----- # |......<| # |.......-#r@r##### |.......| |.......| --------- kendra the Cutpurse Experience level: 5 Strength: 16 Dexterity: 18 Constitution: 11 Intelligence: 10 Wisdom: 9 Charisma: 7 Health: 0(42) Energy: 20(20) Def: 4 Gold: 85 Moves: 2308 Dungeon seed: EuS0Z0p4Cv8k6jC3 Game ID: kendra_1520335215 Your Inventory: Coins $ - 85 gold pieces Weapons a - an uncursed rusty +0 dagger named Biter (weapon in hand) b - 9 uncursed +0 daggers (in quiver) C - an uncursed +0 dagger G - 2 uncursed +0 orcish daggers Armor e - an uncursed +1 leather armor (being worn) n - an uncursed +0 orcish helm (being worn) q - an uncursed +0 dwarvish cloak z - a cursed -3 dwarvish mithril-coat D - an uncursed +0 dwarvish cloak E - an uncursed +0 pair of iron shoes N - an uncursed +0 dwarvish iron helm Y - an uncursed +0 dwarvish cloak Comestibles i - 2 uncursed food rations s - 2 uncursed apples F - an uncursed fortune cookie J - an uncursed tripe ration Potions I - an uncursed potion of water Wands H - an uncursed wand of teleportation (0:3) Tools k - an uncursed lock pick r - an uncursed +0 pick-axe named nc B - an uncursed sack Gems y - an uncursed worthless piece of red glass Contents of the sack: 402 gold pieces an uncursed scroll of food detection an uncursed spellbook of fireball a blessed potion of levitation an uncursed potion of object detection a blessed potion of restore ability an uncursed potion of sickness an uncursed potion of speed a cursed -1 ring of gain strength Spells and supernatural/magical abilities: Name Level Category Fail Memory W - pray for help -- divine ? -- Your skills at the end: Fighting Skills Weapon Skills dagger [Basic] short sword [Basic] Spellcasting Skills Final Attributes: You were piously aligned. You were telepathic. You were stealthy. You were a wererat. You are dead. Vanquished creatures: a shrieker 2 gnome lords a floating eye a kitten 2 dwarves 2 kobold lords 6 hill orcs a monkey 3 iguanas a hobbit 4 giant rats a cave spider a yellow mold a red mold 4 gnomes a gnome zombie 4 jackals 2 kobolds 2 goblins 4 grid bugs 4 lichens a kobold zombie 4 newts 53 creatures vanquished. Voluntary challenges: You were an atheist. You used a wielded weapon 71 times, starting on turn 108. You read items or engraved 7 times, starting on turn 1373. You never genocided any monsters. You never polymorphed an object. You never changed form. You used no wishes. You never split a pudding. You wrote Elbereth's name 6 times, starting on turn 1373. You never violated your personal moral code. Dungeon overview: The Dungeons of Doom: levels 1 to 5 Level 1 some fountains a long staircase Level 2 Level 3 a delicatessen, a sink Level 4 stairs to The Gnomish Mines Level 5 <- You were here The Gnomish Mines: Level 5 stairs to The Dungeons of Doom History has recorded: On T:1 you entered the Dungeons of Doom to retrieve the Amulet of Yendor! On T:147 you reached level 2 of The Dungeons of Doom. On T:528 you advanced to experience level 2. On T:758 you advanced to experience level 3. On T:846 you reached level 3 of The Dungeons of Doom. On T:1130 you reached level 4 of The Dungeons of Doom. On T:1214 you reached level 5 of The Dungeons of Doom. On T:1348 you reached level 1 of The Gnomish Mines. On T:1756 you advanced to experience level 4. On T:2018 you advanced to experience level 5. Score breakdown: Gold: 487 ( 9145 points) Experience: 5 levels (11141 points) Exploration: 5 levels ( 10.42%) ( 8751 points) Discoveries: 2 items ( 0.67%) ( 2457 points) Valuables value: (no points given unless you survive) Artifact value: 0 ( 0 points) Variety of kills: 23 monsters ( 6.04%) ( 7370 points) Turncount: 2308 turns ( -212 points) Survival: died (score multiplied by 80%) Total score: 30921 Latest messages: (You can name a brown potion from the item naming menu.) You hit the wererat. The wererat changes into a rat. The wererat summons help! The wererat hits! The rabid rat bites! The wererat bites! You feel feverish. You feel less confused now. You hit the wererat. The rabid rat bites! The rabid rat's bite was poisoned! You feel very sick! The wererat bites! You hit the wererat. The rabid rat bites! The wererat misses. You hit the wererat. The rabid rat misses. The wererat bites! The rabid rat bites! You die... Final status: Goodbye kendra the Rogue, killed by a rabid rat... You died in The Dungeons of Doom on dungeon level 5 with 30921 points, and 487 pieces of gold, after 2308 moves. You were level 5 with a maximum of 42 hit points when you died.